 Dungeon Crawl Stone Soup version 0.32-a0-834-geaf45d8e21 (webtiles) character file.

Game seed: 13670825255074484590

36649 tilp the Carver (level 13, -5/84 HPs)
             Began as a Vampire Enchanter on Mar 25, 2024.
             Was a High Priest of Wu Jian.
             Slain by a spectral komodo dragon (21 damage)
             ... on level 3 of the Lair of Beasts.
             The game lasted 00:35:17 (19514 turns).

tilp the Carver (Vampire Enchanter)                Turns: 19514, Time: 00:35:18

Health: -5/84      AC: 10    Str:  7    XL:     13   Next: 54%
Magic:  23/23      EV: 15    Int: 22    God:    Wu Jian [*****.]
Gold:   643        SH:  0    Dex: 15    Spells: 15/26 levels left

rFire   + . .        b - +6 scimitar
rCold   + + .        (no shield)
rNeg    + + +        U - +2 robe {Will+}
rPois   ∞            N - +2 hat {SInv}
rElec   .            m - +1 cloak
rCorr   .            L - +0 pair of gloves
SInv    +            y - +0 pair of boots
Will    ++...        n - amulet of the acrobat
Stlth   ++++++       h - ring of protection from cold
HPRegen 0.00/turn    p - ring of fire
MPRegen 0.18/turn

%: acrobat
@: bloodless, inhibited regen, studying Polearms
A: bloodless, fangs 3, see invisible, vampiric 2
a: Bat Form, Revivify, Renounce Religion, Wall Jump, Serpent's Lash, Heavenly
Storm


You were on level 3 of the Lair of Beasts.
You worshipped Wu Jian.
Wu Jian was extremely pleased with you.
You visited 3 branches of the dungeon, and saw 15 of its levels.
You also visited: Gauntlet.

You collected 933 gold pieces.
You spent 290 gold pieces at shops.

Inventory:

Hand Weapons
 a - a +3 dagger of electrocution
 b - a +6 scimitar (weapon)
 J - the +3 dagger "Iqamaexe" {spect, rCorr Int+2 SInv}
   (You found it on level 7 of the Dungeon)

   Int+2:     It affects your intelligence (+2).
   SInv:      It lets you see invisible.
   rCorr:     It protects you from acid and corrosion.
 P - a +3 dagger of chaos
Missiles
 c - 17 javelins
 o - 4 throwing nets {!f}
 r - 6 curare-tipped darts {!f}
 s - 15 poisoned darts (quivered)
 I - 5 atropa-tipped darts
Armour
 l - a +0 helmet
 m - a +1 cloak (worn)
 y - a +0 pair of boots (worn)
 L - a +0 pair of gloves (worn)
 N - a +2 hat of see invisible (worn)
 T - a +1 pair of boots of rampaging
 U - a +2 robe of willpower (worn)
Jewellery
 h - a ring of protection from cold (left hand)
 n - an amulet of the acrobat (around neck)
 p - a ring of fire (right hand)
 v - a ring of protection from cold
 z - a ring of resist corrosion
 V - an amulet of reflection
Wands
 j - a wand of iceblast (16)
 w - a wand of flame (17)
 H - a wand of polymorph (14)
 M - a wand of paralysis (8)
Scrolls
 f - 12 scrolls of identify
 g - a scroll of amnesia
 k - 6 scrolls of teleportation
 q - 2 scrolls of fear
 u - 3 scrolls of vulnerability
 x - 3 scrolls of torment
 C - 4 scrolls of poison
 K - 2 scrolls of immolation
 S - a scroll of blinking
Potions
 e - 13 potions of curing
 i - 2 potions of brilliance
 t - 4 potions of might
 A - a potion of mutation
 B - 2 potions of haste
 D - a potion of ambrosia
 E - a potion of lignification
 F - 2 potions of magic
 G - 2 potions of attraction
 O - a potion of resistance
 Q - a potion of berserk rage
Miscellaneous
 R - a phial of floods


   Skills:
 * Level 11.6 Fighting
 - Level 3.3(9.5) Short Blades
 * Level 12.6(12.8) Long Blades
 + Level 3.6 Armour
 - Level 8.0 Dodging
 - Level 10.0 Stealth
 - Level 7.0 Spellcasting
 - Level 12.0 Hexes
 - Level 4.0 Evocations


You had 15 spell levels left.
You knew the following spells:

 Your Spells              Type           Power      Damage    Failure   Level
a - Ensorcelled Hibernat  Hex/Ice        68%        N/A       1%          2
b - Confusing Touch       Hex            57%        N/A       1%          3
c - Tukima's Dance        Hex            57%        N/A       1%          3
d - Dazzling Flash        Conj/Hex       68%        N/A       1%          3

Your spell library contained the following spells:

 Spells                   Type           Power      Damage    Failure   Level
 Inner Flame              Hex/Fire       50%        N/A       1%          3
 Summon Small Mammal      Summ           28%        N/A       9%          1
 Call Canine Familiar     Summ           7%         N/A       24%         3
 Gell's Gravitas          Tloc           7%         N/A       24%         3
 Teleport Other           Tloc           7%         N/A       24%         3
 Flame Wave               Conj/Fire      11%        2d6       63%         4
 Sticky Flame             Fire/Alch      11%        2d5       63%         4
 Summon Blazeheart Golem  Fire/Summ      11%        N/A       63%         4
 Discord                  Hex            28%        N/A       98%         8
 Conjure Ball Lightning   Conj/Air       3%         3x3d6     100%        6
 Dispersal                Tloc           3%         N/A       100%        6
 Disjunction              Tloc           3%         N/A       100%        8


Dungeon Overview and Level Annotations

Branches:
Dungeon (11/15)            Temple (1/1) D:6            Lair (3/5) D:10
  Swamp (0/4) Lair:3       Spider (0/4) Lair:2          Orc (0/2) D:11
Gauntlet (visited)

Altars:
Ashenzari
Cheibriados
Dithmenos
Fedhas
Gozag
Hepliaklqana
Kikubaaqudgha
Makhleb
Nemelex Xobeh
Okawaru
Qazlal
Ru
Sif Muna
Trog
Uskayaw
Vehumet
Wu Jian
Xom
Yredelemnul
Beogh

Shops:
D:2 (   D:5 !   D:8 :   D:11 !

Annotations:
Lair:1 exclusion: 3 death yaks


Innate Abilities, Weirdness & Mutations

You do not regenerate when monsters are visible.
You are frail without blood (-20% HP).
You can heal yourself when you bite living creatures.
You are immune to poison.
You have razor-sharp teeth.
You have supernaturally acute eyesight. (SInv)
You are afflicted with vampirism and can become a bat while bloodless.


Message History

You feel much better.
You hit the dream sheep simulacrum but do no damage.
Your bite misses the dream sheep simulacrum.
The dream sheep simulacrum headbutts you but does no damage.
You hit the dream sheep simulacrum but do no damage.
The dream sheep simulacrum appears confused.
You catch the helpless dream sheep simulacrum completely off-guard!
You impale the dream sheep simulacrum!!
The dream sheep simulacrum vaporises!
The Council accepts your kill.
You start resting.
Magic restored.
You start resting.
A spectral komodo dragon is nearby!
A spectral komodo dragon is nearby!
Your +3 dagger of electrocution stops crackling.
b - a +6 scimitar (weapon)
A spectral komodo dragon is nearby!
Okay, then.
You completely miss the spectral komodo dragon.
The spectral komodo dragon bites you but does no damage.
You hit the spectral komodo dragon but do no damage.
The spectral komodo dragon completely misses you.
You hit the spectral komodo dragon.
The spectral komodo dragon is lightly damaged.
The spectral komodo dragon closely misses you.
You completely miss the spectral komodo dragon.
The spectral komodo dragon is lightly damaged.
The spectral komodo dragon bites you but does no damage.
You hit the spectral komodo dragon.
You bite the spectral komodo dragon, but do no damage.
The spectral komodo dragon is lightly damaged.
You slash the spectral komodo dragon! You bite the spectral komodo dragon.
The spectral komodo dragon is heavily damaged.
The spectral komodo dragon bites you!
* * * LOW HITPOINT WARNING * * *
You completely miss the spectral komodo dragon.
The spectral komodo dragon is heavily damaged.
The spectral komodo dragon bites you!!
You die...

##.>.P# #........ #....###
##....... #......#
#....... ##....###
#....... #.....# #.......
##....# #....... #....##
#########.......
##....####..#.#$.##......
#.....Z@##.$?".###......
#...#####.......##.#....
##..#.## ##.....######...
#......###ZZZ....###...##
#.......####Z''###.......
##.......ZZ.ZZ...##..##.#.
#........W.P.....#..###.##
#...........P.^......#....
###.......................


You could see a spectral komodo dragon.

Vanquished Creatures
  The ghost of Hifenlek the Warrior, a journeyman CoGl of Hepliaklqana (Lair:3)
  A minotaur (Gauntlet)
  3 hydras (Lair:2)
  6 two-headed ogres
  3 boulder beetles
  2 death yaks (Lair:1)
  Sonja (Lair:2)
  A fire crab (Gauntlet)
  Urug (D:11)
  A spectral death yak (Lair:3)
  An orb spider (Lair:2)
  A lindwurm (D:8)
  A cyclops (D:11)
  2 black mambas
  A minotaur zombie (Gauntlet)
  4 cane toads
  A torpor snail (Lair:2)
  2 gargoyles
  An unseen horror (D:11)
  A kobold demonologist (D:11)
  4 komodo dragons
  Psyche (D:9)
  A hornet (D:9)
  3 trolls
  A polar bear (Lair:1)
  18 blink frogs
  A raiju (Gauntlet)
  Sigmund (D:2)
  A shadow (D:11)
  3 wyverns
  A centaur simulacrum (Gauntlet)
  22 yaks
  2 wraiths
  3 fire bats (Gauntlet)
  A spectral komodo dragon (Lair:3)
  Eustachio (D:4)
  12 vampire mosquitoes
  3 steam dragons
  3 redbacks (D:8)
  An acid dragon (D:10)
  9 water moccasins
  An ice dragon simulacrum (Gauntlet)
  3 sky beasts
  4 black bears (D:10)
  4 orc warriors
  18 wolves
  A centaur (D:4)
  2 phantoms
  7 kobold brigands
  9 bullfrogs
  A gnoll sergeant (D:10)
  5 scorpions
  5 killer bees (D:9)
  A dream sheep simulacrum (Lair:3)
  4 howler monkeys (D:9)
  A bombardier beetle (D:6)
  A lava snake (D:8)
  3 hounds
  A jelly (D:7)
  Crazy Yiuf (D:3)
  4 orc priests
  3 gnoll boudas
  Jessica (D:3)
  5 iguanas
  Ijyb (D:4)
  Natasha (thrice) (D:2)
  Terence (D:3)
  7 orc wizards
  A boggart simulacrum (Gauntlet)
  Robin (D:3)
  21 gnolls
  7 adders
  A shadow imp (D:7)
  3 white imps
  4 dart slugs
  2 ribbon worms (D:2)
  30 orcs
  9 endoplasms
  4 giant cockroaches
  13 hobgoblins
  33 kobolds
  3 quokkas
  6 ball pythons
  6 bats
  5 frilled lizards
  22 goblins
  3 rats
398 creatures vanquished.

Vanquished Creatures (collateral kills)
  2 gnolls (D:10)
2 creatures vanquished.

Grand Total: 400 creatures vanquished

Notes
Turn   | Place    | Note
-------+----------+-------------------------------------------
     0 | D:1      | tilp the Vampire Enchanter began the quest for the Orb.
     0 | D:1      | Reached XP level 1. HP: 13/13 MP: 3/3
   116 | D:1      | Reached XP level 2. HP: 19/19 MP: 5/5
   165 | D:1      | Learned a level 2 spell: Ensorcelled Hibernation
   167 | D:2      | Found a basalt altar of Yredelemnul.
   193 | D:1      | Reached skill level 1 in Long Blades
   825 | D:1      | Gained mutation: You are afflicted with vampirism and can
                  | become a bat while bloodless. [Vampire growth]
   825 | D:1      | Reached XP level 3. HP: 22/25 MP: 6/6
   841 | D:1      | Learned a level 3 spell: Confusing Touch
   924 | D:2      | Noticed Sigmund
   932 | D:2      | Killed Sigmund
   933 | D:2      | Reached skill level 1 in Fighting
   933 | D:2      | Reached skill level 5 in Stealth
   933 | D:2      | Reached skill level 5 in Hexes
   933 | D:2      | Reached XP level 4. HP: 24/32 MP: 2/7
   933 | D:2      | Reached XP level 5. HP: 28/37 MP: 2/8
  1016 | D:2      | Found Eckin's Weapon Shop.
  1040 | D:2      | Noticed Natasha
  1260 | D:2      | Killed Natasha
  1333 | D:2      | Noticed Natasha
  1341 | D:2      | Killed Natasha
  1350 | D:2      | Noticed Natasha
  1366 | D:2      | Killed Natasha
  1367 | D:2      | Reached XP level 6. HP: 28/44 MP: 0/9
  2026 | D:3      | Noticed Robin
  2344 | D:3      | Noticed Jessica
  2570 | D:3      | Killed Jessica
  2653 | D:3      | Found a runed translucent door.
  2654 | D:3      | Noticed Crazy Yiuf
  2766 | D:3      | Noticed Terence
  2776 | D:3      | Killed Terence
  3147 | D:3      | Killed Robin
  3290 | D:3      | Killed Crazy Yiuf
  3494 | D:4      | Reached XP level 7. HP: 51/51 MP: 11/11
  3555 | D:4      | Found a shadowy altar of Dithmenos.
  3739 | D:4      | Noticed Eustachio
  3751 | D:4      | Killed Eustachio
  4156 | D:4      | Reached XP level 8. HP: 46/46 MP: 5/12
  4294 | D:4      | Noticed Ijyb
  4301 | D:4      | Killed Ijyb
  4349 | D:5      | Entered Level 5 of the Dungeon
  4976 | D:5      | Found a bloodstained altar of Trog.
  5384 | D:5      | Found Gegaz's Distillery.
  5390 | D:5      | Bought a potion of ambrosia for 80 gold pieces
  5390 | D:5      | Bought a potion of lignification for 30 gold pieces
  5390 | D:5      | Bought a potion of magic for 80 gold pieces
  5610 | D:6      | Learned a level 3 spell: Tukima's Dance
  5614 | D:6      | Learned a level 3 spell: Dazzling Flash
  5688 | D:6      | Found a staircase to the Ecumenical Temple.
  5749 | Temple   | Entered the Ecumenical Temple
  5754 | Temple   | Became a worshipper of the Wu Jian Council
  5799 | D:6      | Reached skill level 5 in Long Blades
  5957 | D:6      | Found a sacrificial altar of Ru.
  6054 | D:6      | Reached XP level 9. HP: 52/52 MP: 9/14
  6914 | D:7      | Found a blossoming altar of Fedhas.
  6921 | D:7      | Reached skill level 5 in Dodging
  7186 | D:7      | Reached skill level 5 in Fighting
  7205 | D:7      | Identified the +3 dagger "Iqamaexe" {spect, rCorr Int+2
                  | SInv}
  7303 | D:7      | Reached * piety under Wu Jian
  7957 | D:8      | Reached skill level 10 in Hexes
  8086 | D:8      | Reached XP level 10. HP: 60/60 MP: 13/16
  8425 | D:8      | Noticed a two-headed ogre
  8429 | D:8      | Killed a two-headed ogre
  8513 | D:8      | Found a runed translucent door.
  8524 | D:8      | Identified the +1 longbow of Famine {freeze, Fly rC+}
  8599 | D:8      | Found Revamp's Vocational Training.
  8651 | D:8      | Found an iron altar of Okawaru.
  8965 | D:8      | Identified the +8 whip of the Warrior {venom, rF+ Will+
                  | Int+2}
  8980 | D:8      | Found a runed translucent gate.
  8980 | D:8      | Found a runed translucent gate.
  8980 | D:8      | Found a runed translucent gate.
  8980 | D:8      | Found a runed translucent gate.
  8980 | D:8      | Found a runed translucent gate.
  8980 | D:8      | Found a runed translucent gate.
  8980 | D:8      | Noticed a boulder beetle
  8980 | D:8      | Noticed a boulder beetle
  8980 | D:8      | Noticed a lindwurm
  9049 | D:9      | Found a stormy altar of Qazlal.
  9094 | D:9      | Reached skill level 5 in Spellcasting
  9099 | D:9      | Reached ** piety under Wu Jian
  9132 | D:9      | Reached skill level 1 in Evocations
  9164 | D:9      | Noticed Psyche
  9166 | D:9      | Killed Psyche
  9591 | D:9      | Found a shimmering altar of Xom.
  9814 | D:10     | Entered Level 10 of the Dungeon
  9828 | D:10     | Noticed a two-headed ogre
  9830 | D:10     | Killed a two-headed ogre
  9858 | D:10     | Reached XP level 11. HP: 67/67 MP: 19/19
  9885 | D:10     | Noticed a two-headed ogre
  9889 | D:10     | Killed a two-headed ogre
 10362 | D:10     | Found a staircase to the Lair.
 10412 | D:10     | Noticed a two-headed ogre
 10419 | D:10     | Killed a two-headed ogre
 10420 | D:10     | Reached skill level 10 in Stealth
 11355 | D:11     | Found Mekuxzio's Distillery.
 11386 | D:11     | Found a staircase to the Orcish Mines.
 11394 | D:11     | Found a roughly hewn altar of Beogh.
 11417 | D:11     | Reached *** piety under Wu Jian
 11700 | D:11     | Noticed a two-headed ogre
 11705 | D:11     | Killed a two-headed ogre
 11747 | D:11     | Noticed a sixfirhy
 12256 | D:11     | Noticed a two-headed ogre
 12267 | D:11     | Killed a two-headed ogre
 12377 | D:11     | Noticed Urug
 12444 | D:11     | Killed Urug
 12684 | D:11     | Reached XP level 12. HP: 75/75 MP: 19/21
 12804 | D:8      | Killed a boulder beetle
 12817 | D:8      | Killed a boulder beetle
 13069 | Lair:1   | Entered Level 1 of the Lair of Beasts
 13104 | Lair:1   | Reached **** piety under Wu Jian
 13120 | Lair:1   | Reached skill level 10 in Long Blades
 13689 | Lair:1   | Noticed a death yak
 13689 | Lair:1   | Noticed a death yak
 13690 | Lair:1   | Noticed a death yak
 14486 | Lair:2   | Noticed a death yak
 14487 | Lair:2   | Noticed a death yak
 14565 | Lair:2   | Reached skill level 10 in Fighting
 14571 | Lair:2   | Noticed a four-headed hydra
 14575 | Lair:2   | Killed a four-headed hydra
 14576 | Lair:2   | Reached skill level 1 in Armour
 14592 | Lair:2   | Found a gate leading to a gauntlet.
 14598 | Lair:2   | Noticed a seven-headed hydra
 14605 | Lair:2   | Killed a seven-headed hydra
 14611 | Gauntlet | Entered a Gauntlet
 14611 | Gauntlet | Found a transporter.
 14628 | Gauntlet | Found a transporter.
 14638 | Gauntlet | Found a transporter.
 14643 | Gauntlet | Found a transporter.
 14658 | Gauntlet | Found a transporter.
 14677 | Gauntlet | Found a transporter.
 14687 | Gauntlet | Noticed a catoblepas
 14689 | Gauntlet | Found a transporter.
 14701 | Gauntlet | Found a transporter.
 14707 | Gauntlet | Found a transporter.
 14707 | Gauntlet | Found a transporter.
 14718 | Gauntlet | Noticed a death scarab
 14719 | Gauntlet | Noticed a death scarab
 14720 | Gauntlet | Found the +2 pair of slick slippers {slick, slippery, EV+4}
 14722 | Gauntlet | Found a transporter.
 14734 | Gauntlet | Found a transporter.
 14739 | Gauntlet | Noticed a green death
 14751 | Gauntlet | Found a transporter.
 14769 | Gauntlet | Found a transporter.
 14771 | Gauntlet | Found a transporter.
 14796 | Gauntlet | Found a transporter.
 14798 | Gauntlet | Found a transporter.
 14818 | Gauntlet | Found a transporter.
 15499 | Gauntlet | Noticed a minotaur
 15512 | Gauntlet | Killed a minotaur
 15798 | Lair:2   | Noticed a boulder beetle
 15810 | Lair:2   | Killed a boulder beetle
 15811 | Lair:2   | Reached XP level 13. HP: 83/83 MP: 19/23
 16036 | Lair:2   | Found a hole to the Spider Nest.
 16558 | Lair:2   | Found a basalt altar of Yredelemnul.
 16704 | Lair:2   | Noticed Sonja
 16714 | Lair:2   | Killed Sonja
 16759 | Lair:2   | HP: 4/84 [death yak[a torpor snail] (9)]
 16908 | D:5      | Bought a potion of heal wounds for 50 gold pieces
 16908 | D:5      | Bought a potion of heal wounds for 50 gold pieces
 17661 | Lair:2   | Found a hole to the Spider Nest.
 18225 | Lair:2   | Found a basalt altar of Yredelemnul.
 18637 | Lair:3   | Found a staircase to the Swamp.
 18689 | Lair:3   | Found a runed translucent gate.
 18689 | Lair:3   | Found a runed translucent gate.
 18690 | Lair:3   | Found a runed translucent gate.
 18691 | Lair:3   | Noticed Hifenlek's ghost (journeyman CoGl)
 19446 | Lair:3   | Killed Hifenlek's ghost
 19446 | Lair:3   | Reached ***** piety under Wu Jian
 19450 | Lair:3   | HP: 4/84 [spectral komodo dragon (16)]
 19461 | Lair:3   | HP: 4/84 [dream sheep simulacrum (6)]
 19514 | Lair:3   | Slain by a spectral komodo dragon

Illustrated notes

Levels and vault maps discovered:
D:1:      tarquinn_simple_flora_water_f, layout_basic, minmay_misc_feat_enclosed
D:2:      layout_loops_ring, basic_altar, serial_shops,
          nicolae_shop_bloodbath_and_beyond, uniq_natasha, uniq_sigmund
D:3:      layout_basic, serial_glass, glass_columns_b, glass_columns_a,
          glass_columns_a, glass_columns_c, glass_columns_a, glass_columns_a,
          uniq_crazy_yiuf_cottage, uniq_robin, uniq_jessica, uniq_terence
D:4:      layout_basic, gammafunk_temple_overflow_forgotten, kennysheep_dice,
          uniq_eustachio, uniq_ijyb
D:5:      layout_basic, trog_hazing_becter, serial_shops, kennysheep_little_box,
          minmay_manual_mess
D:6:      layout_basic, nicolae_ru_awakened_eye, minmay_temple_entry_ruins
D:7:      layout_basic, fedhas_ov_isle_minmay
D:8:      gammafunk_indiana_jones, layout_gridville, okawaru_altar_gauntlet_db,
          minivault_22, amethyst_killhole, nicolae_shop_vocational
D:9:      layout_rooms, grunt_qazlal_clouds,
          mainiacjoe_overflow_surrounded_room, uniq_psyche
D:10:     layout_layer_cave, due_lair_maze_entry_diamond,
          dreamdust_deal_with_the_devil
D:11:     layout_gridville, minmay_orc_entry_temple_small, serial_shops, shop,
          chequers_serial_rivers_room_b, st_stairs_8, uniq_urug
Temple:   nicolae_temple_ecumenical_triangle
Lair:1:   layout_regular_city, serial_bayou_crossing
Lair:2:   layout_regular_city, nicolae_spider_entry_orb_guardian,
          gauntlet_entry_generic, basic_altar, uniq_sonja
Lair:3:   layout_gridlike, minmay_swamp_entry_swarm, gammafunk_ghost_necromancy

Skill      XL: |  1  2  3  4  5  6  7  8  9 10 11 12 13 |
---------------+----------------------------------------+-----
Long Blades    | 1 2 3 5 6 7 9 11 12 | 12.6
Fighting       | 1 2 3 4 5 7 8 10 11 | 11.6
Short Blades   | 2 3 |  3.3
Stealth        | 5 6 7 8 9 10 | 10.0
Hexes          | 5 6 7 8 10 11 12 | 12.0
Dodging        | 3 4 5 6 7 8 |  8.0
Spellcasting   | 3 4 5 6 7 |  7.0
Evocations     | 2 3 4 |  4.0
Armour         | 2 3 |  3.6

Action                     |  1- 3 |  4- 6 |  7- 9 | 10-12 | 13-15 || total
---------------------------+-------+-------+-------+-------+-------++-------
  Melee: Dagger            |    86 |   109 |   252 |   382 |   167 ||   996
         Bite              |     7 |    11 |    30 |    42 |    29 ||   119
         Falchion          |       |    22 |       |       |       ||    22
         Unarmed           |       |       |       |     1 |       ||     1
         Scimitar          |       |       |       |       |    24 ||    24
  Throw: Dart              |       |       |       |     2 |     2 ||     4
   Cast: Ensorcelled Hiber |    10 |    51 |    63 |   133 |    50 ||   307
         Confusing Touch   |       |     1 |    10 |    15 |    11 ||    37
         Tukima's Dance    |       |       |       |     7 |       ||     7
         Dazzling Flash    |       |       |       |     1 |     9 ||    10
Ability: Exsanguinate      |       |       |     1 |       |       ||     1
         Lunge             |       |       |    15 |    62 |     8 ||    85
         Whirlwind         |       |       |       |    11 |     8 ||    19
         End Transformatio |       |       |       |     1 |       ||     1
         Bat Form          |       |       |       |     1 |       ||     1
    Use: Scroll            |     4 |     6 |    12 |     8 |     2 ||    32
         Potion            |     1 |     1 |       |     3 |     3 ||     8
   Stab: Sleeping          |     9 |    36 |    69 |   112 |    27 ||   253
         Invisible         |     1 |       |       |     3 |     4 ||     8
         Confused          |       |     1 |     5 |    13 |    10 ||    29
         Distracted        |       |     1 |       |     3 |       ||     4
 Armour: Robe              |    50 |    83 |    87 |   172 |   101 ||   493
         Leather armour    |       |       |       |    25 |       ||    25
         Skin              |       |       |       |     1 |       ||     1
  Dodge: Dodged            |    62 |    85 |   118 |   272 |    93 ||   630

Table legend: (Time is in decaauts)
 A = Elapsed time spent in this place.
 B = Non-inter-level travel time spent in this place.
 C = Inter-level travel time spent in this place.
 D = Time resting spent in this place.
 E = Time spent auto-exploring this place.
 F = Levels seen in this place.
 G = Mean time per level.
                   A        B        C        D        E       F      G
               +--------+--------+--------+--------+--------+-----+--------+
         Total |  19281 |  18184 |   1097 |   2014 |  12554 |  16 | 1205.1 |
       Dungeon |  13266 |  12364 |    902 |   1320 |   8740 |  11 | 1206.0 |
        Temple |     10 |      5 |      5 |      0 |      0 |   1 |   10.0 |
          Lair |   4846 |   4656 |    190 |    619 |   3212 |   3 | 1615.3 |
      Gauntlet |   1158 |   1158 |      0 |     75 |    601 |   1 | 1158.0 |
               +--------+--------+--------+--------+--------+-----+--------+

Top non-repeatable levels by time:
  Lair:2: 2208 daAuts
    D:10: 1695 daAuts
  Lair:1: 1575 daAuts
    D:11: 1366 daAuts
     D:7: 1355 daAuts
     D:3: 1352 daAuts
     D:8: 1298 daAuts
     D:6: 1244 daAuts
Gauntlet: 1158 daAuts
     D:5: 1133 daAuts
     D:2: 1124 daAuts
  Lair:3: 1063 daAuts
     D:4: 993 daAuts
     D:9: 861 daAuts
     D:1: 841 daAuts
